 Dungeon Crawl Stone Soup version 0.23-a0-554-gd3cbc84 (webtiles) character file.

464 jerryfan the Shooter (level 7, -8/59 HPs)
             Began as a Gnoll Wanderer on Dec 10, 2018.
             Mangled by an ogre
             ... wielding a +0 giant spiked club
              (18 damage)
             ... on level 5 of the Dungeon.
             The game lasted 00:09:26 (4805 turns).

jerryfan the Shooter (Gnoll Wanderer)               Turns: 4805, Time: 00:09:27

Health: -8/59      AC:  3    Str: 15    XL:     7   Next: 7%
Magic:  10/10      EV: 18    Int: 16    God:
Gold:   238        SH:  3    Dex: 19    Spells: 7/10 levels left

rFire    . . .     SeeInvis .   b - +1 shortbow
rCold    . . .     Gourm    .   (shield currently unavailable)
rNeg     . . .     Faith    .   e - +1 robe
rPois    .         Spirit   .   (no helmet)
rElec    .         Reflect  +   (no cloak)
rCorr    .         Harm     .   (no gloves)
MR       .....     Rnd*Rage +   (no boots)
Stlth    +++.......             p - +3 amulet of reflection
HPRegen  0.19/turn              q - ring of flight
MPRegen  0.12/turn              j - ring of attention (curse)

@: agile
A: distributed training, fangs 1, berserk 1, deterioration 1, wild magic 1,
strong nose
a: Evoke Flight


You were on level 5 of the Dungeon.
You were hungry.

You visited 1 branch of the dungeon, and saw 5 of its levels.

You collected 238 gold pieces.

Inventory:

Hand Weapons
 b - a +1 shortbow (weapon)
 r - a +3 short sword
Missiles
 c - 30 arrows (quivered)
Armour
 e - a +1 robe (worn)
Jewellery
 j - a cursed ring of attention (right hand)
 p - a +3 amulet of reflection (around neck)
 q - a ring of flight (left hand)
Wands
 a - a wand of enslavement (24)
 g - a wand of paralysis (7)
Scrolls
 k - a scroll of teleportation
 l - 2 scrolls of remove curse {unknown}
 m - 4 scrolls of enchant armour
 n - 2 scrolls of fog
Potions
 d - 2 potions of curing
 i - a potion of heal wounds
Comestibles
 f - 12 rations


   Skills:
 + Level 6.9 Fighting
 + Level 2.2 Short Blades
 + Level 2.2 Long Blades
 + Level 2.2 Axes
 + Level 2.2 Maces & Flails
 + Level 2.2 Polearms
 + Level 2.2 Staves
 + Level 2.2 Slings
 + Level 6.9 Bows
 + Level 3.4 Crossbows
 + Level 2.2 Throwing
 + Level 3.4 Armour
 + Level 2.2 Dodging
 + Level 3.2 Stealth
 + Level 2.2 Shields
 + Level 2.2 Unarmed Combat
 + Level 2.2 Spellcasting
 + Level 1.8 Conjurations
 + Level 1.8 Hexes
 + Level 1.8 Charms
 + Level 1.8 Summonings
 + Level 1.8 Necromancy
 + Level 1.8 Translocations
 + Level 1.8 Transmutations
 + Level 1.8 Fire Magic
 + Level 1.8 Ice Magic
 + Level 1.8 Air Magic
 + Level 1.8 Earth Magic
 + Level 1.8 Poison Magic
 + Level 2.4 Invocations
 + Level 3.4 Evocations


You had 7 spell levels left.
You knew the following spells:

 Your Spells              Type           Power        Failure   Level  Hunger
a - Portal Projectile     Hex/Tloc       #.....       36%         3    ###....

Your spell library contained the following spells:

 Spells                   Type           Power        Failure   Level  Hunger
 Corona                   Hex            #......      14%         1    #......
 Slow                     Hex            #.......     21%         2    ###....
 Inner Flame              Hex/Fire       #.......     36%         3    ###....
 Cause Fear               Hex            #.........   75%         4    #####..
 Leda's Liquefaction      Hex/Erth       #.........   75%         4    #####..


Dungeon Overview and Level Annotations

Branches:
Dungeon (5/15)
 Temple: D:4-7

Altars:
Ashenzari

Annotations:
D:2 Sigmund
D:3 Natasha
D:4 exclusion: downstairs


Innate Abilities, Weirdness & Mutations

Your experience applies equally to all skills.
You have very sharp teeth.
Your uncanny sense of smell can sniff out nearby items.
You tend to lose your temper in combat.
Your body sometimes deteriorates upon taking damage.
Your spells are a little harder to cast, but a little more powerful.


Message History

Aim: an ogre, wielding a +0 giant spiked club (lightly wounded)
You shoot an arrow.
The arrow hits the ogre but does no damage.
The ogre is lightly wounded.
The ogre hits you with a +0 giant spiked club!!
You are too injured to fight recklessly!
You are too injured to fight recklessly!
The ogre closely misses you.
There is a stone staircase leading down, spattered with blood here.
It was a potion of mutation.
You feel extremely strange.
You feel yourself wasting away.
You feel a little pissed off.
You feel less in control of your magic.
Unknown command.
It was a potion of agility.
You feel agile all of a sudden.
The ogre hits you with a +0 giant spiked club!
* * * LOW HITPOINT WARNING * * *
It was a potion of magic.
Magic courses through your body.
The ogre hits you with a +0 giant spiked club!!
You die...

# ##.# #......
###)....#######
#......!.<....5
#.#.....#######
######.#..(..#
#...##.#.....#
#.#@##(#(....#######
#.#.O.>((..........#
#.#####...########..
#.#...#..(# ##.
#.....#.(.# #.
####.###.(.# #.
#....# #..(# ##
##.### ##### #
#...###### #


You could see an ogre.

Vanquished Creatures
  A crimson imp (D:5)
  2 orc wizards (D:3)
  2 bullfrog skeletons
  3 iguanas
  5 worker ants
  6 adders
  2 oozes
  A dart slug (D:2)
  A leopard gecko (D:2)
  6 orcs
  4 bats
  4 giant cockroaches
  5 goblins
  8 hobgoblins
  2 quokkas (D:2)
  8 frilled lizards
  3 kobolds
  8 rats
71 creatures vanquished.

Vanquished Creatures (others)
  A bat (D:2)
  A kobold (D:2)
  A frilled lizard (D:2)
3 creatures vanquished.

Grand Total: 74 creatures vanquished

Notes
Turn   | Place    | Note
-------+----------+-------------------------------------------
     0 | D:1      | jerryfan the Gnoll Wanderer began the quest for the Orb.
     0 | D:1      | jerryfan set off with the following items: a wand of
                  | enslavement (15), a +0 shortbow, 25 arrows, a potion of
                  | curing, a +0 robe, a ration
     0 | D:1      | Reached XP level 1. HP: 23/23 MP: 2/2
   392 | D:1      | Reached XP level 2. HP: 29/29 MP: 3/3
   757 | D:2      | Reached XP level 3. HP: 2/35 MP: 4/4
   757 | D:2      | HP: 1/35 [poisoned by a worker ant]
  1043 | D:2      | Reached skill level 1 in Invocations
  1150 | D:2      | Reached skill level 1 in Short Blades
  1150 | D:2      | Reached skill level 1 in Long Blades
  1150 | D:2      | Reached skill level 1 in Axes
  1150 | D:2      | Reached skill level 1 in Maces & Flails
  1150 | D:2      | Reached skill level 1 in Polearms
  1150 | D:2      | Reached skill level 1 in Staves
  1150 | D:2      | Reached skill level 1 in Slings
  1150 | D:2      | Reached skill level 1 in Throwing
  1150 | D:2      | Reached skill level 1 in Dodging
  1150 | D:2      | Reached skill level 1 in Shields
  1150 | D:2      | Reached skill level 1 in Unarmed Combat
  1150 | D:2      | Reached skill level 1 in Spellcasting
  1164 | D:2      | Reached XP level 4. HP: 38/41 MP: 6/6
  1428 | D:2      | Reached skill level 1 in Conjurations
  1428 | D:2      | Reached skill level 1 in Hexes
  1428 | D:2      | Reached skill level 1 in Charms
  1428 | D:2      | Reached skill level 1 in Summonings
  1428 | D:2      | Reached skill level 1 in Necromancy
  1428 | D:2      | Reached skill level 1 in Translocations
  1428 | D:2      | Reached skill level 1 in Transmutations
  1428 | D:2      | Reached skill level 1 in Fire Magic
  1428 | D:2      | Reached skill level 1 in Ice Magic
  1428 | D:2      | Reached skill level 1 in Air Magic
  1428 | D:2      | Reached skill level 1 in Earth Magic
  1428 | D:2      | Reached skill level 1 in Poison Magic
  1514 | D:2      | Noticed Sigmund
  1541 | D:2      | Reached XP level 5. HP: 47/47 MP: 7/7
  1963 | D:3      | Found a shattered altar of Ashenzari.
  1964 | D:3      | Noticed Natasha
  2664 | D:3      | Reached XP level 6. HP: 43/53 MP: 8/8
  3911 | D:5      | Entered Level 5 of the Dungeon
  4032 | D:5      | HP: 2/53 [poisoned by a worker ant]
  4649 | D:5      | Learned a level 3 spell: Portal Projectile
  4701 | D:5      | Reached XP level 7. HP: 59/59 MP: 3/10
  4803 | D:5      | Gained mutation: Your body sometimes deteriorates upon
                  | taking damage. [potion of mutation]
  4803 | D:5      | Gained mutation: You tend to lose your temper in combat.
                  | [potion of mutation]
  4803 | D:5      | Gained mutation: Your spells are a little harder to cast,
                  | but a little more powerful. [potion of mutation]
  4805 | D:5      | Mangled by an ogre

Vault maps used:
D:1:      onia_arrival_mini_spirals, minmay_misc_feat_five
D:2:      led_sif_pool, grunt_ministairs_8, lemuel_old_faithful, uniq_sigmund
D:3:      ashenzari_conservatory_becter, uniq_natasha
D:4:      serial_curves, eino_curves_01, eino_curves_04, first_ration,
          minmay_misc_feat_ornament
D:5:      minmay_shop_mayhem

Skill      XL: |  1  2  3  4  5  6 |
---------------+-------------------+-----
Invocations    | 1 2 |  2.4
Short Blades   | 1 2 |  2.2
Long Blades    | 1 2 |  2.2
Axes           | 1 2 |  2.2
Maces & Flails | 1 2 |  2.2
Polearms       | 1 2 |  2.2
Staves         | 1 2 |  2.2
Slings         | 1 2 |  2.2
Throwing       | 1 2 |  2.2
Dodging        | 1 2 |  2.2
Shields        | 1 2 |  2.2
Unarmed Combat | 1 2 |  2.2
Spellcasting   | 1 2 |  2.2
Conjurations   | 1 |  1.8
Hexes          | 1 |  1.8
Charms         | 1 |  1.8
Summonings     | 1 |  1.8
Necromancy     | 1 |  1.8
Translocations | 1 |  1.8
Transmutations | 1 |  1.8
Fire Magic     | 1 |  1.8
Ice Magic      | 1 |  1.8
Air Magic      | 1 |  1.8
Earth Magic    | 1 |  1.8
Poison Magic   | 1 |  1.8
Crossbows      | 3 |  3.4
Armour         | 3 |  3.4
Evocations     | 3 |  3.4
Stealth        | 3 |  3.2
Fighting       | |  6.9
Bows           | |  6.9

Action                   |  1- 3 |  4- 6 |  7- 9 || total
-------------------------+-------+-------+-------++-------
 Fire: Shortbow          |    68 |   216 |    17 ||   301
 Cast: Portal Projectile |       |     1 |     2 ||     3
  Use: Potion            |     1 |     1 |     3 ||     5
       Scroll            |       |     8 |       ||     8
  Eat: Chunk             |       |    11 |       ||    11
Armor: Robe              |     2 |    15 |       ||    17
Dodge: Dodged            |     5 |    60 |     8 ||    73
Block: Other             |       |     4 |     2 ||     6

Table legend:
 A = Non-vault XP
 B = Vault XP
 C = Vault XP percentage of total XP
 D = Non-vault monster count
 E = Vault monster count
 F = Vault count percentage of total count
                 A         B        C        D         E       F
            +---------+---------+-------+---------+---------+-------
      Total |     661 |       2 |   0.3 |      69 |       2 |   2.8
            +---------+---------+-------+---------+---------+-------
        D:1 |      12 |       0 |   0.0 |       8 |       0 |   0.0
        D:2 |     151 |       2 |   1.3 |      26 |       2 |   7.1
        D:3 |     160 |       0 |   0.0 |      19 |       0 |   0.0
        D:4 |     176 |       0 |   0.0 |      11 |       0 |   0.0
        D:5 |     162 |       0 |   0.0 |       5 |       0 |   0.0
            +---------+---------+-------+---------+---------+-------
